 Dungeon Crawl Stone Soup version 0.31.0-32-g396128a36d (webtiles) character file.

Game seed: 1409430915769083308

25 Peloso the Covered (level 2, 27/27 HPs)
             Began as a Minotaur Fighter on Mar 30, 2024.
             Got out of the dungeon alive.
             The game lasted 00:02:36 (776 turns).

Peloso the Covered (Minotaur Fighter)                Turns: 776, Time: 00:02:36

Health: 27/27      AC: 15    Str: 17    XL:     2   Next: 82%
Magic:  1/1        EV:  5    Int:  9    God:
Gold:   40         SH:  4    Dex:  8    Spells: 1/1 levels left

rFire   . . .        a - +0 long sword
rCold   . . .        d - +0 buckler
rNeg    . . .        c - +1 plate armour
rPois   .            (helmet unavailable)
rElec   .            (no cloak)
rCorr   .            (no gloves)
SInv    .            j - +0 pair of boots
Will    .....        (no amulet) Stlth
                     (no ring)
HPRegen 0.24/turn    (no ring)
MPRegen 0.07/turn

%: no passive effects
@: no status effects
A: horns 3, retaliatory headbutt, clever 1, shaggy fur 1, weak 1
a: no special abilities


You escaped.
You visited 1 branch of the dungeon, and saw 1 of its levels.

You collected 40 gold pieces.

Inventory:

Hand Weapons
 a - a +0 long sword (weapon)
Armour
 b - a +0 scale mail
 c - a +1 plate armour (worn)
 d - a +0 buckler (worn)
 j - a +0 pair of boots (worn)
Potions
 g - a potion of might


   Skills:
 + Level 3.9 Fighting
 + Level 2.6 Long Blades
 + Level 4.2 Armour
 + Level 0.5 Dodging
 + Level 3.9 Shields


You had one spell level left.
You didn't know any spells.
Your spell library was empty.

Dungeon Overview and Level Annotations

Branches:
Dungeon (1/15)

Altars:


Innate Abilities, Weirdness & Mutations

You have a pair of large horns on your head.
You reflexively headbutt those who attack you in melee.
Your mind is acute. (Int +4, Str/Dex -1)
You are covered in fur. (AC +1)
You are weak. (Str -2)


Message History

A bat is nearby!
The bat closely misses you. You furiously retaliate!
You headbutt the bat.
You kill the bat!
A giant cockroach comes into view.
A giant cockroach is nearby!
A giant cockroach is nearby!
Found a crooked jewelled staff.
You hit the giant cockroach.
You kill the giant cockroach!
You see here a giant cockroach corpse.
You see here a staff of earth.
Found a stone staircase leading down.
Done exploring.
Done exploring.
Done exploring.
As you read the scroll labelled UNIKANK PILA, it crumbles to dust.
It is a scroll of enchant armour.
Your +0 plate armour glows green for a moment.
As you read the scroll labelled UNOUSAISIO, it crumbles to dust.
You feel strangely unstable.
It was a scroll of teleportation.
It was a potion of lignification.
You turn into a tree.
Your +0 pair of boots melds into your body.
Your +1 plate armour melds into your body.
Your roots penetrate the ground.
You feel strangely stable.
You start resting.
Your transformation is almost over.
You feel less wooden.
Your +0 pair of boots unmelds from your body.
Your +1 plate armour unmelds from your body.
You start waiting.
Done waiting.
You start waiting.
Done waiting.
It was a potion of mutation.
You feel extremely strange. Fur sprouts all over your body.
You feel weaker. The horns on your head grow some more.
You feel clever.
What level of the Dungeon? (default 1, ? - help)
You see here a +0 dagger.
There is a staircase leading out of the dungeon here.
You have escaped!

####### #.....#
#....|# #.....#
#.....# ###.....#
........#
#♣♣♣♣♣♣♣♣♣♣
........#
♣@.#♣.....♣♣ ###
........#
♣..........♣♣ #..
........#
#♣...♣.♣....♣ #..
....#####
♣.....⌠.....♣ ##..
....#
♣..).♣.♣....♣##...
....#
♣♣.........♣♣..††.
###.#
♣♣.......♣♣#.....
#.#
♣♣♣...♣♣♣##..###
#.# #.....##....#


There were no monsters in sight!

Vanquished Creatures
  4 ball pythons (D:1)
  2 endoplasms (D:1)
  2 giant cockroaches (D:1)
  3 hobgoblins (D:1)
  2 bats (D:1)
  2 frilled lizards (D:1)
  3 goblins (D:1)
  4 kobolds (D:1)
  3 rats (D:1)
25 creatures vanquished.

Notes
Turn   | Place    | Note
-------+----------+-------------------------------------------
     0 | D:1      | Peloso the Minotaur Fighter began the quest for the Orb.
     0 | D:1      | Reached XP level 1. HP: 19/19 MP: 0/0
    83 | D:1      | Reached skill level 4 in Armour
    92 | D:1      | Reached XP level 2. HP: 24/27 MP: 1/1
   733 | D:1      | Gained mutation: You are covered in fur. (AC +1) [potion of
                  | mutation]
   733 | D:1      | Gained mutation: You are weak. (Str -2) [potion of
                  | mutation]
   733 | D:1      | Gained mutation: You have a pair of large horns on your
                  | head. [potion of mutation]
   733 | D:1      | Gained mutation: Your mind is acute. (Int +4, Str/Dex -1)
                  | [potion of mutation]
   776 | D:$      | Got out of the dungeon alive.

Illustrated notes

Levels and vault maps discovered:
D:1:      amcnicky_arrival_underground_garden, layout_rooms,
          minmay_misc_feat_diagonals

Skill      XL: |  1 |
---------------+----+-----
Armour         | 4 |  4.2
Fighting       | |  3.9
Long Blades    | |  2.6
Dodging        | |  0.5
Shields        | |  3.9

Action                     || total
---------------------------++-------
  Melee: Long sword        ||    54
         Headbutt          ||     3
    Use: Scroll            ||     2
         Potion            ||     2
 Armour: Scale mail        ||    36
         Plate armour      ||    10
  Dodge: Dodged            ||    31
  Block: Buckler           ||    18
